 Dungeon Crawl Stone Soup version 0.30.0-5-g1a98f26d00 (webtiles) character file.

Game seed: 9109494250783215009

69060 Implojin the Bludgeoner (level 15, -13/117 (120) HPs)
             Began as a Formicid Ice Elementalist on May 9, 2023.
             Was an Initiate of Okawaru.
             Mangled by a minotaur simulacrum (26 damage)
             ... on level 15 of the Dungeon.
             The game lasted 01:10:10 (27964 turns).

Implojin the Bludgeoner (FoIE)                     Turns: 27964, Time: 01:10:10

HP:   -13/117 (120) AC: 28    Str: 26    XL:     15   Next: 72%
MP:   22/22         EV: 23    Int: 14    God:    Okawaru [......]
Gold: 989           SH:  0    Dex: 20    Spells: 14/18 levels left

rFire   + + +        d - +9 great mace (protect)
rCold   . . .        (no shield)
rNeg    . . .        R - +3 acid dragon scales
rPois   +            (helmet unavailable)
rElec   .            w - +2 cloak {Will+}
rCorr   +            o - +2 pair of gloves of Autumn {Will++}
SInv    +            u - +2 pair of boots
Will    ++++.        C - amulet of Zesyol {Acrobat Contam Fragile rPois rF+++}
Stlth   ++           W - +5 ring of evasion
HPRegen 0.39/turn    I - ring "Oreyde" {Str+5 Dex+6}
MPRegen 0.18/turn

%: acrobat
@: under a protective aura, lightly drained
A: permanent stasis, dig shafts and tunnels, antennae 3, four strong arms
a: Dig, Shaft Self, Renounce Religion


You were on level 15 of the Dungeon.
You worshipped Okawaru.
Okawaru was noncommittal.
You visited 3 branches of the dungeon, and saw 21 of its levels.
You also visited: Trove and Gauntlet.

You collected 2750 gold pieces.
You spent 1761 gold pieces at shops.

Inventory:

Hand Weapons
 d - a +9 great mace of protection (weapon)
 g - the +10 flail "Erhucku" {heavy, rF+ rCorr Stlth+}
   (You found it on level 12 of the Dungeon)

   rF:        It protects you from fire.
   rCorr:     It protects you from acid and corrosion.
   Stlth:     It makes you more stealthy.
 v - a +2 heavy battleaxe
Missiles
 a - 2 throwing nets
 c - 37 poisoned darts
 j - 14 silver javelins
 K - a boomerang (quivered)
 L - 8 javelins
 M - 5 silver boomerangs
 P - 5 curare-tipped darts
 U - 6 atropa-tipped darts
Armour
 o - the +2 pair of gloves of Autumn (worn) {Will++}
   (You found it in a Gauntlet)

   Will:      It greatly increases your willpower.
 u - a +2 pair of boots (worn)
 w - a +2 cloak of willpower (worn)
 x - the +0 crystal plate armour of Mumblety Peg {Drain Will+++ Regen+}
   (Okawaru gifted it to you on level 5 of the Lair of Beasts)

   Regen:     It increases your rate of health regeneration.
   Drain:     It drains your maximum health when unequipped.
   Will:      It greatly increases your willpower.
 R - +3 acid dragon scales (worn)
Jewellery
 e - a ring of flight
 p - a +4 ring of protection
 z - the amulet "Ijafaq" {Will+ Regen+ Dex+5}
   (You found it in a treasure trove)

   [amulet of regeneration]

   Dex:       It affects your dexterity (+5).
   Regen:     It increases your rate of health regeneration.
   Will:      It increases your willpower.
 C - the amulet of Zesyol (around neck) {Acrobat Contam Fragile rPois rF+++}
   (You acquired it on level 7 of the Dungeon)

   [amulet of the acrobat]

   It increases your evasion while moving and waiting.
   rF:        It renders you almost immune to fire.
   rPois:     It protects you from poison.
   Contam:    It causes magical contamination when unequipped.
   Fragile:   It will be destroyed if unequipped.
 D - the ring of the Centipede {rF+ Will+}
   (You found it in a treasure trove)

   [ring of willpower]

   rF:        It protects you from fire.
   Will:      It increases your willpower.
 F - a ring of protection from cold
 H - the amulet "Sohenaast" {Spirit Rampage rC+ Will+ Dex-5}
   (You found it in a treasure trove)

   [amulet of guardian spirit]

   It causes incoming damage to be divided between your reserves of health and
   magic.
   Dex:       It affects your dexterity (-5).
   rC:        It protects you from cold.
   Rampage:   It bestows one free step when moving towards enemies.
   Will:      It increases your willpower.
 I - the ring "Oreyde" (right hand) {Str+5 Dex+6}
   (You found it in a treasure trove)

   [ring of dexterity]

   Str:       It affects your strength (+5).
   Dex:       It affects your dexterity (+6).
 W - a +5 ring of evasion (left hand)
Wands
 y - a wand of digging (6)
 J - a wand of light (11)
 N - a wand of mindburst (20)
 Z - a wand of polymorph (22)
Scrolls
 h - 5 scrolls of vulnerability
 i - a scroll of brand weapon
 m - 2 scrolls of poison
 r - 4 scrolls of fear
 G - 3 scrolls of magic mapping
 Q - 2 scrolls of silence
Potions
 b - 4 potions of magic
 k - a potion of invisibility
 l - 8 potions of heal wounds
 n - 5 potions of mutation
 q - 11 potions of curing
 s - a potion of degeneration {unknown}
 t - a potion of cancellation
 B - a potion of flight {unknown}
 E - a potion of might {unknown}
 O - 6 potions of lignification {unknown}
 S - 5 potions of brilliance {unknown}
 Y - a potion of resistance {unknown}
Miscellaneous
 f - a condenser vane (inert)


   Skills:
 - Level 12.0 Fighting
 - Level 15.0 Maces & Flails
 - Level 3.1 Throwing
 - Level 8.0 Armour
 - Level 10.0 Dodging
 - Level 3.0 Stealth
 - Level 6.0 Shields
 - Level 2.1 Spellcasting
 - Level 6.0 Ice Magic
 - Level 10.0 Invocations
 * Level 10.9 Evocations


You had 14 spell levels left.
You knew the following spells:

 Your Spells              Type           Power      Damage    Failure   Level
a - Freeze                Ice            72%        1d8       2%          1
b - Frozen Ramparts       Ice            36%        1d6       7%          3

Your spell library contained the following spells:

 Spells                   Type           Power      Damage    Failure   Level
 Ozocubu's Armour         Ice            18%        N/A       7%          3
 Ensorcelled Hibernation  Hex/Ice        18%        N/A       12%         2
 Apportation              Tloc           2%         N/A       28%         1
 Magic Dart               Conj           4%         1d3       28%         1
 Necrotise                Necr           4%         1d4       28%         1
 Sandblast                Erth           2%         2d4       28%         1
 Passwall                 Tmut/Erth      0%         N/A       38%         2
 Searing Ray              Conj           2%         2d4       38%         2
 Static Discharge         Conj/Air       2%         2-3/arc   38%         2
 Dazzling Flash           Conj/Hex       2%         N/A       63%         3
 Stone Arrow              Conj/Erth      2%         3d7       63%         3
 Volatile Blastmotes      Fire/Tloc      2%         2d10      63%         3
 Airstrike                Air            0%         2d(1-17)  95%         4
 Fulminant Prism          Conj/Hex       0%         3d5       95%         4
 Iskenderun's Mystic Bla  Conj/Tloc      1%         2d3       95%         4
 Passage of Golubria      Tloc           1%         N/A       95%         4
 Silence                  Hex/Air        0%         N/A       100%        5
 Starburst                Conj/Fire      0%         6d3       100%        6
 Lehudib's Crystal Spear  Conj/Erth      0%         10d2      100%        8
 Summon Small Mammal      Summ           Unusable   N/A       N/A         1
 Swiftness                Air            Unusable   N/A       N/A         3
 Summon Ice Beast         Ice/Summ       Unusable   N/A       N/A         4
 Summon Lightning Spire   Summ/Air       Unusable   N/A       N/A         4

Dungeon Overview and Level Annotations

Branches:
Dungeon (15/15)            Temple (1/1) D:4            Lair (5/5) D:9
 Shoals (0/4) Lair:2       Spider (0/4) Lair:2        Slime (0/5) Lair:4
    Orc (0/2) D:11         Vaults (0/5) D:13         Depths (0/4) D:15
Gauntlet (visited)

Altars:
Ashenzari
Cheibriados
Dithmenos
Elyvilon
Fedhas
Gozag
Hepliaklqana
Kikubaaqudgha
Makhleb
Nemelex Xobeh
Okawaru
Qazlal
Ru
Sif Muna
Trog
Uskayaw
Wu Jian
Xom
Yredelemnul
Zin
The Shining One
Jiyva

Shops:
D:4 (   D:6 (   D:7 *   D:11 *   D:12 (

Portals:
Ice
Cave: D:15


Innate Abilities, Weirdness & Mutations

You cannot be hasted, slowed, berserked, paralysed or teleported.
You can dig through walls and to a lower floor.
You have a pair of large antennae on your head. (SInv)
Your four strong arms can wield two-handed weapons with a shield.


Message History

You climb downwards.
Beware, you cannot shaft yourself on this level.
You feel a wave of frost pass over you.
There is an entrance to an ice cave on this level.
Hurry and find it before the portal melts!
There is a stone staircase leading up here.
As you read the scroll of magic mapping, it crumbles to dust.
You feel aware of your surroundings.
You sensed 1 shop/portal.
Search for what [Enter for "rElec", or ? for help]? rC+ A deep troll simulacrum comes into view.
Danger: deep troll simulacrum |T2| Reason: simulacrum and no rC, careful A spriggan defender simulacrum and a minotaur simulacrum come into view.
The minotaur simulacrum moves out of view.
Danger: spriggan defender simulacrum |T2| Reason: simulacrum and no rC, careful Danger: spriggan defender simulacrum |T3| Reason: fast simulacrum and no rC, watch out!!
An alligator simulacrum and a harpy simulacrum come into view.
Found a frozen archway.
Danger: harpy simulacrum |T2| Reason: simulacrum and no rC, careful Danger: harpy simulacrum |T3| Reason: extremely fast simulacrum and no rC, watch out!!
Danger: alligator simulacrum |T2| Reason: simulacrum and no rC, careful Danger: minotaur simulacrum |T2| Reason: simulacrum and no rC, careful Danger: spriggan defender simulacrum |T3| Reason: fast simulacrum and no rC, watch out!!
Unknown command.
Danger: spriggan defender simulacrum |T3| Reason: fast simulacrum and no rC, watch out!!
You swing at nothing.
Danger: spriggan defender simulacrum |T3| Reason: fast simulacrum and no rC, watch out!!
You swing at nothing.
Danger: spriggan defender simulacrum |T3| Reason: fast simulacrum and no rC, watch out!!
You bludgeon the minotaur simulacrum!!
Your weapon exudes an aura of protection.
The minotaur simulacrum is almost destroyed.
The minotaur simulacrum hits you! The minotaur simulacrum freezes you!!!
The minotaur simulacrum gores you but does no damage.
A minotaur simulacrum comes into view.
Danger: minotaur simulacrum |T2| Reason: simulacrum and no rC, careful Danger: spriggan defender simulacrum |T3| Reason: fast simulacrum and no rC, watch out!!
You barely miss the minotaur simulacrum.
The minotaur simulacrum is almost destroyed.
The minotaur simulacrum hits you! The minotaur simulacrum freezes you!!!
The minotaur simulacrum gores you! The minotaur simulacrum freezes you!!
You die...

*,,,,,,,,,.......#
***********.Z....#*******
***** *,.∩....,,,,,,*
**,,,***,,{Z..#*****,********
*,,,,,**{,,...# *,,,,,,,,*
*,,,,,,,,,**ZZ# ********,*
****,,,,,******#Z# *,*
,,,**,,,** #Z# *,* **,***,**
#@# *,* ,,,<,,,***###* #.#
*,* **,,,,,,,,,..#*#.# *,*
***,,,***,**#.##.# *,*
~,,,~,**,** *#...##### *,*
,,*,,,**,* #.......# *****
*,* ****,***,**
##.#####.#**,,,***,*
,,*,,*###.###.##
*{**,***,**,*
~,*,~*.........# *,,{,*
*,**,*


You could see an alligator simulacrum, a spriggan defender simulacrum, 2
minotaur simulacra and a deep troll simulacrum.

Vanquished Creatures
  Rupert (D:13)
  A minotaur (Gauntlet)
  Azrael (D:14)
  7 hydras
  3 centaur warriors
  5 catoblepae
  A boulder beetle (D:12)
  A dancing weapon (D:13)
  5 death yaks (Lair:5)
  5 two-headed ogres
  2 thrashing horrors (Gauntlet)
  Nergalle (Lair:2)
  A skyshark (Lair:4)
  A lindwurm (Lair:2)
  An obsidian statue (D:13)
  2 deep elf pyromancers (D:13)
  A necromancer (Gauntlet)
  An oklob plant (Lair:2)
  6 ugly things
  4 cyclopes
  5 manticores
  A merfolk siren (Lair:2)
  14 elephants
  2 black mambas
  A torpor snail (Gauntlet)
  3 gargoyles
  6 cane toads
  A rime drake (Lair:5)
  9 komodo dragons
  An efreet (D:13)
  2 kobold demonologists (D:12)
  4 polar bears
  2 trolls (D:12)
  21 blink frogs
  A hornet (D:7)
  8 slime creatures
  4 shadows
  A vampire (D:12)
  46 yaks
  7 wyverns
  4 fire elementals (D:14)
  2 wraiths (D:12)
  5 basilisks
  2 small abominations (Gauntlet)
  2 redbacks (Lair:2)
  A redback simulacrum (D:13)
  2 steam dragons
  5 wargs
  Menkaure (D:7)
  20 vampire mosquitoes
  9 water moccasins
  3 hell hounds (D:14)
  3 acid dragons
  4 orc warriors
  4 ice beasts
  2 sky beasts
  2 black bears
  An ogre (D:4)
  3 centaurs
  11 wolves
  2 phantoms
  10 bullfrogs
  2 kobold brigands
  2 gnoll sergeants
  2 scorpions
  6 killer bees (D:10)
  An electric eel (D:10)
  A howler monkey (D:6)
  4 hounds
  15 orc priests
  3 jellies
  2 sleepcaps (D:6)
  4 iguanas
  20 orc wizards
  12 hell rats (Lair:1)
  9 adders
  9 gnolls
  A shadow imp (D:8)
  3 white imps
  A howler monkey simulacrum (D:10)
  4 worms
  5 dart slugs
  44 orcs
  4 ball pythons
  5 bats
  5 endoplasms
  2 giant cockroaches
  7 goblins
  13 hobgoblins
  15 jackals
  31 kobolds
  4 quokkas
  5 frilled lizards
  8 rats
  A butterfly (Lair:4)
537 creatures vanquished.

Vanquished Creatures (others)
  A centaur simulacrum (D:10)
  An ice beast (D:10)
  An orc wizard (D:5)
  A white imp (D:10)
  A butterfly (Lair:4)
5 creatures vanquished.

Grand Total: 542 creatures vanquished

Notes
Turn   | Place    | Note
-------+----------+-------------------------------------------
     0 | D:1      | Implojin the Formicid Ice Elementalist began the quest for
                  | the Orb.
     0 | D:1      | Reached XP level 1. HP: 13/13 MP: 3/3
    76 | D:1      | Reached skill level 1 in Fighting
   139 | D:1      | Reached XP level 2. HP: 17/21 MP: 1/5
   446 | D:1      | Reached skill level 1 in Maces & Flails
   522 | D:1      | Reached XP level 3. HP: 27/27 MP: 1/6
  1035 | D:1      | Learned a level 3 spell: Frozen Ramparts
  1146 | D:2      | Reached skill level 2 in Maces & Flails
  1208 | D:2      | Danger: Low HP Warning |T2| Reason: 59% HP (16/27)
  1355 | D:2      | Reached XP level 4. HP: 26/33 MP: 3/7
  1653 | D:2      | Danger: Low HP Warning |T2| Reason: 48% HP (16/33)
  1654 | D:2      | Danger: Low HP Warning |T2| Reason: 48% HP (16/33)
  1655 | D:2      | Danger: Low HP Warning |T2| Reason: 51% HP (17/33)
  1656 | D:2      | Danger: Low HP Warning |T2| Reason: 51% HP (17/33)
  1658 | D:2      | Danger: Low HP Warning |T2| Reason: 51% HP (17/33)
  1659 | D:2      | Danger: Low HP Warning |T2| Reason: 54% HP (18/33)
  1661 | D:2      | Danger: Low HP Warning |T2| Reason: 54% HP (18/33)
  1662 | D:2      | Danger: Low HP Warning |T2| Reason: 54% HP (18/33)
  1664 | D:2      | Danger: Low HP Warning |T2| Reason: 57% HP (19/33)
  1665 | D:2      | Danger: Low HP Warning |T2| Reason: 57% HP (19/33)
  1666 | D:2      | Danger: Low HP Warning |T2| Reason: 57% HP (19/33)
  1874 | D:2      | Found a glowing golden altar of the Shining One.
  1913 | D:2      | Danger: Low HP Warning |T2| Reason: 54% HP (18/33)
  1914 | D:2      | Danger: Low HP Warning |T2| Reason: 42% HP (14/33)
  1915 | D:2      | Danger: Low HP Warning |T2| Reason: 39% HP (13/33)
  1916 | D:2      | Danger: Low HP Warning |T2| Reason: 33% HP (11/33)
  1917 | D:2      | Danger: Low HP Warning |T2| Reason: 30% HP (10/33)
  1918 | D:2      | Danger: Low HP Warning |T2| Reason: 30% HP (10/33)
  1920 | D:2      | Danger: Low HP Warning |T2| Reason: 30% HP (10/33)
  1921 | D:2      | Danger: Low HP Warning |T2| Reason: 30% HP (10/33)
  1922 | D:2      | Danger: Low HP Warning |T2| Reason: 33% HP (11/33)
  1923 | D:2      | Danger: Low HP Warning |T2| Reason: 33% HP (11/33)
  1924 | D:2      | Danger: Low HP Warning |T2| Reason: 33% HP (11/33)
  1925 | D:2      | Danger: Low HP Warning |T2| Reason: 33% HP (11/33)
  1926 | D:2      | Danger: Low HP Warning |T2| Reason: 36% HP (12/33)
  1927 | D:2      | Danger: Low HP Warning |T2| Reason: 36% HP (12/33)
  2260 | D:3      | Danger: Low HP Warning |T2| Reason: 60% HP (20/33)
  2261 | D:3      | Danger: Low HP Warning |T2| Reason: 54% HP (18/33)
  2409 | D:3      | Reached XP level 5. HP: 32/38 MP: 4/8
  2525 | D:3      | Reached skill level 5 in Ice Magic
  2676 | D:3      | Danger: orc priest |T2| Reason: OOD monster, careful!
  2677 | D:3      | Danger: orc priest |T2| Reason: OOD monster, careful!
  2711 | D:4      | Found an opulent altar of Gozag.
  2874 | D:4      | Danger: orc priest |T2| Reason: OOD monster, careful!
  2875 | D:4      | Danger: orc wizard |T2| Reason: OOD monster, careful!
  2882 | D:4      | Danger: orc priest |T2| Reason: OOD monster, careful!
  2883 | D:4      | Danger: orc wizard |T2| Reason: OOD monster, careful!
  2902 | D:4      | Danger: orc wizard |T2| Reason: OOD monster, careful!
  2906 | D:4      | Danger: orc priest |T2| Reason: OOD monster, careful!
  2973 | D:4      | Danger: orc wizard |T2| Reason: OOD monster, careful!
  2983 | D:4      | Danger: orc wizard |T2| Reason: OOD monster, careful!
  2992 | D:4      | Reached XP level 6. HP: 47/47 MP: 5/9
  3403 | D:4      | Found Ariy's Antique Weapon Shoppe.
  3505 | D:4      | Danger: orc wizard |T2| Reason: OOD monster, careful!
  3513 | D:4      | Danger: Low HP Warning |T2| Reason: 53% HP (25/47)
  3514 | D:4      | Danger: Low HP Warning |T2| Reason: 48% HP (23/47)
  3515 | D:4      | Danger: Low HP Warning |T2| Reason: 44% HP (21/47)
  3516 | D:4      | Danger: Low HP Warning |T2| Reason: 44% HP (21/47)
  3517 | D:4      | Danger: Low HP Warning |T2| Reason: 44% HP (21/47)
  3518 | D:4      | Danger: Low HP Warning |T2| Reason: 46% HP (22/47)
  3519 | D:4      | Danger: Low HP Warning |T2| Reason: 46% HP (22/47)
  3698 | D:4      | Danger: orc wizard |T2| Reason: OOD monster, careful!
  3720 | D:4      | Found a staircase to the Ecumenical Temple.
  3764 | Temple   | Entered the Ecumenical Temple
  3961 | Temple   | Became a worshipper of Warmaster Okawaru
  4024 | D:4      | Noticed an ogre
  4213 | D:4      | Noticed an ogre
  4310 | D:3      | Danger: orc wizard |T2| Reason: OOD monster, careful!
  4310 | D:3      | Danger: orc priest |T2| Reason: OOD monster, careful!
  4312 | D:3      | Danger: orc wizard |T2| Reason: OOD monster, careful!
  4312 | D:3      | Danger: orc priest |T2| Reason: OOD monster, careful!
  4318 | D:3      | Reached XP level 7. HP: 54/54 MP: 10/10
  4318 | D:3      | Danger: orc wizard |T2| Reason: OOD monster, careful!
  4320 | D:3      | Danger: orc priest |T2| Reason: OOD monster, careful!
  4322 | D:3      | Danger: orc priest |T2| Reason: OOD monster, careful!
  4881 | D:4      | Reached skill level 3 in Maces & Flails
  5171 | D:4      | Bought a runed flail for 169 gold pieces
  5358 | D:5      | Entered Level 5 of the Dungeon
  5396 | D:5      | Reached * piety under Okawaru
  5489 | D:5      | Reached skill level 4 in Maces & Flails
  5589 | D:5      | Reached XP level 8. HP: 46/60 MP: 5/11
  5591 | D:5      | Reached skill level 5 in Maces & Flails
  5599 | D:5      | Danger: Low HP Warning |T2| Reason: 60% HP (36/60)
  5600 | D:5      | Danger: Low HP Warning |T2| Reason: 55% HP (33/60)
  5601 | D:5      | Danger: Low HP Warning |T2| Reason: 56% HP (34/60)
  5602 | D:5      | Danger: Low HP Warning |T2| Reason: 56% HP (34/60)
  5603 | D:5      | Danger: Low HP Warning |T2| Reason: 56% HP (34/60)
  5605 | D:5      | Danger: Low HP Warning |T2| Reason: 58% HP (35/60)
  5606 | D:5      | Danger: Low HP Warning |T2| Reason: 58% HP (35/60)
  5607 | D:5      | Danger: Low HP Warning |T2| Reason: 58% HP (35/60)
  5608 | D:5      | Danger: Low HP Warning |T2| Reason: 60% HP (36/60)
  5609 | D:5      | Danger: Low HP Warning |T2| Reason: 60% HP (36/60)
  5610 | D:5      | Danger: Low HP Warning |T2| Reason: 46% HP (28/60)
  5611 | D:5      | Danger: Low HP Warning |T2| Reason: 48% HP (29/60)
  5612 | D:5      | Danger: Low HP Warning |T2| Reason: 48% HP (29/60)
  5613 | D:5      | Danger: Low HP Warning |T2| Reason: 43% HP (26/60)
  5614 | D:5      | Danger: Low HP Warning |T2| Reason: 45% HP (27/60)
  5615 | D:5      | Danger: Low HP Warning |T2| Reason: 45% HP (27/60)
  5616 | D:5      | Danger: Low HP Warning |T2| Reason: 45% HP (27/60)
  5640 | D:5      | Danger: Low HP Warning |T2| Reason: 58% HP (35/60)
  5641 | D:5      | Danger: Low HP Warning |T2| Reason: 58% HP (35/60)
  5642 | D:5      | Danger: Low HP Warning |T2| Reason: 58% HP (35/60)
  5643 | D:5      | Danger: Low HP Warning |T2| Reason: 58% HP (35/60)
  5644 | D:5      | Danger: Low HP Warning |T2| Reason: 60% HP (36/60)
  5899 | D:5      | Danger: gnoll sergeant |T2| Reason: OOD monster, careful!
  5911 | D:5      | Danger: gnoll sergeant |T2| Reason: OOD monster, careful!
  5913 | D:5      | Danger: Low HP Warning |T2| Reason: 53% HP (32/60)
  5914 | D:5      | Danger: Low HP Warning |T2| Reason: 53% HP (32/60)
  5915 | D:5      | Danger: Low HP Warning |T2| Reason: 53% HP (32/60)
  5916 | D:5      | Danger: Low HP Warning |T2| Reason: 41% HP (25/60)
  5917 | D:5      | Danger: Low HP Warning |T2| Reason: 41% HP (25/60)
  5918 | D:5      | Danger: Low HP Warning |T2| Reason: 41% HP (25/60)
  5919 | D:5      | Danger: Low HP Warning |T2| Reason: 41% HP (25/60)
  5920 | D:5      | Danger: Low HP Warning |T2| Reason: 43% HP (26/60)
  5921 | D:5      | Danger: Low HP Warning |T2| Reason: 43% HP (26/60)
  5922 | D:5      | Danger: Low HP Warning |T2| Reason: 43% HP (26/60)
  5923 | D:5      | Danger: Low HP Warning |T2| Reason: 45% HP (27/60)
  5924 | D:5      | Danger: Low HP Warning |T2| Reason: 45% HP (27/60)
  5925 | D:5      | Danger: Low HP Warning |T2| Reason: 45% HP (27/60)
  5926 | D:5      | Danger: Low HP Warning |T2| Reason: 46% HP (28/60)
  5927 | D:5      | Danger: Low HP Warning |T2| Reason: 46% HP (28/60)
  5928 | D:5      | Danger: gnoll sergeant |T2| Reason: OOD monster, careful!
  5928 | D:5      | Danger: Low HP Warning |T2| Reason: 46% HP (28/60)
  5929 | D:5      | Danger: Low HP Warning |T2| Reason: 46% HP (28/60)
  5930 | D:5      | Danger: Low HP Warning |T2| Reason: 48% HP (29/60)
  5931 | D:5      | Danger: Low HP Warning |T2| Reason: 48% HP (29/60)
  5932 | D:5      | Danger: Low HP Warning |T2| Reason: 48% HP (29/60)
  5933 | D:5      | Danger: Low HP Warning |T2| Reason: 50% HP (30/60)
  5934 | D:5      | Danger: gnoll sergeant |T2| Reason: OOD monster, careful!
  5934 | D:5      | Danger: Low HP Warning |T2| Reason: 50% HP (30/60)
  5935 | D:5      | Danger: Low HP Warning |T2| Reason: 50% HP (30/60)
  5937 | D:5      | Danger: Low HP Warning |T2| Reason: 51% HP (31/60)
  5938 | D:5      | Danger: Low HP Warning |T2| Reason: 51% HP (31/60)
  5939 | D:5      | Danger: Low HP Warning |T2| Reason: 51% HP (31/60)
  5940 | D:5      | Danger: Low HP Warning |T2| Reason: 53% HP (32/60)
  5941 | D:5      | Danger: Low HP Warning |T2| Reason: 53% HP (32/60)
  5942 | D:5      | Danger: Low HP Warning |T2| Reason: 53% HP (32/60)
  5943 | D:5      | Danger: Low HP Warning |T2| Reason: 55% HP (33/60)
  5944 | D:5      | Danger: Low HP Warning |T2| Reason: 55% HP (33/60)
  5945 | D:5      | Danger: Low HP Warning |T2| Reason: 55% HP (33/60)
  5946 | D:5      | Danger: Low HP Warning |T2| Reason: 56% HP (34/60)
  5947 | D:5      | Danger: Low HP Warning |T2| Reason: 56% HP (34/60)
  5948 | D:5      | Danger: Low HP Warning |T2| Reason: 56% HP (34/60)
  5949 | D:5      | Danger: Low HP Warning |T2| Reason: 56% HP (34/60)
  5950 | D:5      | Danger: Low HP Warning |T2| Reason: 58% HP (35/60)
  5951 | D:5      | Danger: Low HP Warning |T2| Reason: 58% HP (35/60)
  5952 | D:5      | Danger: Low HP Warning |T2| Reason: 58% HP (35/60)
  5953 | D:5      | Danger: Low HP Warning |T2| Reason: 60% HP (36/60)
  5954 | D:5      | Danger: Low HP Warning |T2| Reason: 60% HP (36/60)
  5955 | D:5      | Danger: Low HP Warning |T2| Reason: 60% HP (36/60)
  6146 | D:5      | Danger: gnoll sergeant |T2| Reason: OOD monster, careful!
  6474 | D:5      | Reached skill level 6 in Maces & Flails
  6651 | D:5      | Danger: gnoll sergeant |T2| Reason: OOD monster, careful!
  6657 | D:5      | Danger: gnoll sergeant |T2| Reason: OOD monster, careful!
  6659 | D:5      | Danger: gnoll sergeant |T2| Reason: OOD monster, careful!
  6665 | D:5      | Reached ** piety under Okawaru
  6666 | D:5      | Reached skill level 7 in Maces & Flails
  6969 | D:6      | Reached XP level 9. HP: 43/65 MP: 6/12
  7075 | D:6      | Reached skill level 8 in Maces & Flails
  7075 | D:6      | Reached skill level 1 in Invocations
  7262 | D:6      | Danger: kobold |T2| Reason: Quivering poison darts and no
                  | rPois, careful!
  7262 | D:6      | Danger: kobold brigand |T3| Reason: Quivering curare and no
                  | rPois, watch out!!
  7263 | D:6      | Danger: kobold brigand |T3| Reason: Quivering curare and no
                  | rPois, watch out!!
  7264 | D:6      | Danger: kobold brigand |T3| Reason: Quivering curare and no
                  | rPois, watch out!!
  7265 | D:6      | Danger: kobold brigand |T3| Reason: Quivering curare and no
                  | rPois, watch out!!
  7268 | D:6      | Danger: kobold brigand |T3| Reason: Quivering curare and no
                  | rPois, watch out!!
  7269 | D:6      | Danger: kobold brigand |T3| Reason: Quivering curare and no
                  | rPois, watch out!!
  7270 | D:6      | Danger: kobold brigand |T3| Reason: Quivering curare and no
                  | rPois, watch out!!
  7271 | D:6      | Danger: kobold brigand |T3| Reason: Quivering curare and no
                  | rPois, watch out!!
  7272 | D:6      | Danger: kobold brigand |T3| Reason: Quivering curare and no
                  | rPois, watch out!!
  7274 | D:6      | Danger: kobold brigand |T3| Reason: Quivering curare and no
                  | rPois, watch out!!
  7274 | D:6      | Danger: kobold |T2| Reason: Quivering poison darts and no
                  | rPois, careful!
  7277 | D:6      | Danger: kobold |T2| Reason: Quivering poison darts and no
                  | rPois, careful!
  7281 | D:6      | Danger: kobold brigand |T3| Reason: Quivering curare and no
                  | rPois, watch out!!
  7282 | D:6      | Danger: kobold brigand |T3| Reason: Quivering curare and no
                  | rPois, watch out!!
  7283 | D:6      | Danger: kobold brigand |T3| Reason: Quivering curare and no
                  | rPois, watch out!!
  7284 | D:6      | Danger: kobold brigand |T3| Reason: Quivering curare and no
                  | rPois, watch out!!
  7285 | D:6      | Danger: kobold brigand |T3| Reason: Quivering curare and no
                  | rPois, watch out!!
  7286 | D:6      | Danger: kobold brigand |T3| Reason: Quivering curare and no
                  | rPois, watch out!!
  7287 | D:6      | Danger: kobold brigand |T3| Reason: Quivering curare and no
                  | rPois, watch out!!
  7288 | D:6      | Danger: kobold brigand |T3| Reason: Quivering curare and no
                  | rPois, watch out!!
  7288 | D:6      | Danger: Low HP Warning |T2| Reason: 52% HP (34/65)
  7289 | D:6      | Danger: kobold brigand |T3| Reason: Quivering curare and no
                  | rPois, watch out!!
  7289 | D:6      | Danger: Low HP Warning |T2| Reason: 50% HP (33/65)
  7290 | D:6      | Danger: kobold brigand |T3| Reason: Quivering curare and no
                  | rPois, watch out!!
  7290 | D:6      | Danger: Low HP Warning |T2| Reason: 49% HP (32/65)
  7291 | D:6      | Danger: kobold brigand |T3| Reason: Quivering curare and no
                  | rPois, watch out!!
  7291 | D:6      | Danger: Low HP Warning |T2| Reason: 47% HP (31/65)
  7292 | D:6      | Danger: kobold brigand |T3| Reason: Quivering curare and no
                  | rPois, watch out!!
  7292 | D:6      | Danger: Low HP Warning |T2| Reason: 47% HP (31/65)
  7293 | D:6      | Danger: kobold brigand |T3| Reason: Quivering curare and no
                  | rPois, watch out!!
  7293 | D:6      | Danger: Low HP Warning |T2| Reason: 46% HP (30/65)
  7294 | D:6      | Danger: kobold brigand |T3| Reason: Quivering curare and no
                  | rPois, watch out!!
  7294 | D:6      | Danger: Low HP Warning |T2| Reason: 46% HP (30/65)
  7295 | D:6      | Danger: kobold brigand |T3| Reason: Quivering curare and no
                  | rPois, watch out!!
  7295 | D:6      | Danger: Low HP Warning |T2| Reason: 46% HP (30/65)
  7614 | D:6      | Reached skill level 5 in Invocations
  8124 | D:6      | Found Qahir's Weapon Emporium.
  8278 | D:7      | Noticed a two-headed ogre
  8279 | D:7      | Danger: two-headed ogre |T2| Reason: OOD monster, careful!
  8317 | D:7      | Danger: two-headed ogre |T2| Reason: OOD monster, careful!
  8325 | D:7      | Killed a two-headed ogre
  8325 | D:7      | Reached *** piety under Okawaru
  8329 | D:7      | Reached **** piety under Okawaru
  8334 | D:7      | Danger: orc |T2| Reason: Quivering boomerangs, careful!
  8447 | D:7      | Reached XP level 10. HP: 60/71 MP: 9/14
  8606 | D:7      | Danger: hornet |T3| Reason: AF_POISON_PARALYSE and no rPois
  8607 | D:7      | Danger: hornet |T3| Reason: AF_POISON_PARALYSE and no rPois
  8608 | D:7      | Danger: hornet |T3| Reason: AF_POISON_PARALYSE and no rPois
  8609 | D:7      | Danger: hornet |T3| Reason: AF_POISON_PARALYSE and no rPois
  8610 | D:7      | Reached skill level 5 in Armour
  8817 | D:7      | Danger: Low HP Warning |T2| Reason: 49% HP (35/71)
  8818 | D:7      | Danger: Low HP Warning |T2| Reason: 45% HP (32/71)
  8819 | D:7      | Danger: Low HP Warning |T2| Reason: 40% HP (29/71)
  8820 | D:7      | Danger: Low HP Warning |T2| Reason: 40% HP (29/71)
  8821 | D:7      | Danger: Low HP Warning |T2| Reason: 40% HP (29/71)
  8822 | D:7      | Danger: Low HP Warning |T2| Reason: 40% HP (29/71)
  8823 | D:7      | Danger: Low HP Warning |T2| Reason: 39% HP (28/71)
  8824 | D:7      | Danger: Low HP Warning |T2| Reason: 30% HP (22/71)
  8825 | D:7      | Danger: Low HP Warning |T2| Reason: 30% HP (22/71)
  8827 | D:7      | Danger: Low HP Warning |T2| Reason: 38% HP (27/71)
  8828 | D:7      | Danger: Low HP Warning |T2| Reason: 57% HP (41/71)
  8829 | D:7      | Danger: Low HP Warning |T2| Reason: 57% HP (41/71)
  8830 | D:7      | Danger: Low HP Warning |T2| Reason: 59% HP (42/71)
  8952 | D:7      | Noticed Menkaure
  8953 | D:7      | Danger: Menkaure |T2| Reason: Unique monster, careful!
  8953 | D:7      | Danger: Menkaure |T3| Reason: Torment and not torment
                  | immune!
  8960 | D:7      | Danger: Menkaure |T2| Reason: Unique monster, careful!
  8960 | D:7      | Danger: Menkaure |T3| Reason: Torment and not torment
                  | immune!
  8961 | D:7      | Danger: Menkaure |T3| Reason: Torment and not torment
                  | immune!
  8962 | D:7      | Danger: Menkaure |T3| Reason: Torment and not torment
                  | immune!
  8963 | D:7      | Danger: Menkaure |T3| Reason: Torment and not torment
                  | immune!
  8964 | D:7      | Danger: Menkaure |T3| Reason: Torment and not torment
                  | immune!
  8964 | D:7      | Killed Menkaure
  8964 | D:7      | Received a gift from Okawaru
  8965 | D:7      | Reached skill level 5 in Fighting
  9119 | D:7      | Found Yqejueh's General Store.
  9347 | D:8      | Found a snail-covered altar of Cheibriados.
  9410 | D:8      | Danger: Low HP Warning |T2| Reason: 57% HP (44/76)
  9411 | D:8      | Danger: Low HP Warning |T2| Reason: 57% HP (44/76)
  9412 | D:8      | Danger: Low HP Warning |T2| Reason: 47% HP (36/76)
  9413 | D:8      | Danger: Low HP Warning |T2| Reason: 47% HP (36/76)
  9414 | D:8      | Danger: Low HP Warning |T2| Reason: 47% HP (36/76)
  9560 | D:8      | Identified the +1 scale mail "Niappokh" {rN+ Slay+3}
  9623 | D:8      | Found a sparkling altar of Nemelex Xobeh.
  9731 | D:8      | Found a glowing silver altar of Zin.
  9800 | D:8      | Found a glowing golden altar of the Shining One.
 10531 | D:9      | Found a staircase to the Lair.
 10553 | D:9      | Danger: Low HP Warning |T2| Reason: 41% HP (33/79)
 10554 | D:9      | Danger: Low HP Warning |T3| Reason: 12% HP (10/79)
 10555 | D:9      | Danger: Low HP Warning |T2| Reason: 35% HP (28/79)
 10556 | D:9      | Danger: Low HP Warning |T2| Reason: 35% HP (28/79)
 10557 | D:9      | Danger: Low HP Warning |T3| Reason: 24% HP (19/79)
 10558 | D:9      | Danger: Low HP Warning |T3| Reason: 25% HP (20/79)
 10559 | D:9      | Danger: Low HP Warning |T3| Reason: 20% HP (16/79)
 10560 | D:9      | Danger: Low HP Warning |T3| Reason: 20% HP (16/79)
 10561 | D:9      | Danger: Low HP Warning |T3| Reason: 20% HP (16/79)
 10562 | D:9      | Danger: Low HP Warning |T3| Reason: 21% HP (17/79)
 10563 | D:9      | Danger: Low HP Warning |T3| Reason: 21% HP (17/79)
 10764 | D:9      | Danger: Low HP Warning |T2| Reason: 51% HP (41/79)
 10765 | D:9      | Danger: Low HP Warning |T2| Reason: 51% HP (41/79)
 10766 | D:9      | Danger: Low HP Warning |T2| Reason: 51% HP (41/79)
 10767 | D:9      | Danger: Low HP Warning |T2| Reason: 51% HP (41/79)
 10959 | D:9      | Reached skill level 9 in Maces & Flails
 10960 | D:9      | Danger: Low HP Warning |T2| Reason: 59% HP (47/79)
 10961 | D:9      | Danger: Low HP Warning |T2| Reason: 60% HP (48/79)
 10962 | D:9      | Danger: Low HP Warning |T2| Reason: 59% HP (47/79)
 10963 | D:9      | Danger: Low HP Warning |T2| Reason: 59% HP (47/79)
 10964 | D:9      | Danger: Low HP Warning |T2| Reason: 59% HP (47/79)
 10965 | D:9      | Danger: Low HP Warning |T2| Reason: 60% HP (48/79)
 10966 | D:9      | Danger: Low HP Warning |T2| Reason: 60% HP (48/79)
 10967 | D:9      | Danger: Low HP Warning |T2| Reason: 39% HP (31/79)
 10968 | D:9      | Danger: Low HP Warning |T2| Reason: 39% HP (31/79)
 10969 | D:9      | Danger: Low HP Warning |T2| Reason: 40% HP (32/79)
 10970 | D:9      | Danger: Low HP Warning |T2| Reason: 40% HP (32/79)
 10989 | D:9      | Noticed Maurice
 10990 | D:9      | Danger: Maurice |T2| Reason: Unique monster, careful!
 10990 | D:9      | Danger: Maurice |T2| Reason: carrying a wand of iceblast
                  | (3), careful!
 10990 | D:9      | Danger: Low HP Warning |T2| Reason: 49% HP (39/79)
 10990 | D:9      | Maurice changed into Maurice the hound
 10990 | D:9      | Noticed Maurice
 10991 | D:9      | Danger: Low HP Warning |T2| Reason: 49% HP (39/79)
 10992 | D:9      | Danger: Low HP Warning |T2| Reason: 49% HP (39/79)
 10993 | D:9      | Danger: Low HP Warning |T2| Reason: 50% HP (40/79)
 10994 | D:9      | Danger: Low HP Warning |T2| Reason: 50% HP (40/79)
 10995 | D:9      | Danger: Low HP Warning |T2| Reason: 50% HP (40/79)
 10996 | D:9      | Danger: Low HP Warning |T2| Reason: 51% HP (41/79)
 10997 | D:9      | Danger: Low HP Warning |T2| Reason: 51% HP (41/79)
 10998 | D:9      | Danger: Low HP Warning |T2| Reason: 51% HP (41/79)
 10999 | D:9      | Danger: Low HP Warning |T2| Reason: 53% HP (42/79)
 10999 | D:9      | Killed Maurice the hound
 11374 | D:9      | Danger: acid dragon |T2| Reason: Spit Acid deals more than
                  | 50% MHP!
 11411 | D:9      | Danger: Low HP Warning |T2| Reason: 56% HP (45/79)
 11412 | D:9      | Danger: Low HP Warning |T2| Reason: 56% HP (45/79)
 11413 | D:9      | Danger: Low HP Warning |T2| Reason: 58% HP (46/79)
 11414 | D:9      | Danger: Low HP Warning |T2| Reason: 58% HP (46/79)
 11415 | D:9      | Danger: Low HP Warning |T2| Reason: 58% HP (46/79)
 11416 | D:9      | Danger: Low HP Warning |T2| Reason: 48% HP (38/79)
 11417 | D:9      | Danger: Low HP Warning |T2| Reason: 48% HP (38/79)
 11624 | D:9      | Noticed a two-headed ogre
 11632 | D:9      | Killed a two-headed ogre
 11633 | D:9      | Reached XP level 11. HP: 84/84 MP: 15/15
 11701 | D:9      | Danger: kobold |T2| Reason: Quivering poison darts and no
                  | rPois, careful!
 11703 | D:9      | Danger: kobold |T2| Reason: Quivering poison darts and no
                  | rPois, careful!
 11706 | D:9      | Danger: kobold brigand |T3| Reason: Quivering curare and no
                  | rPois, watch out!!
 11707 | D:9      | Danger: kobold brigand |T3| Reason: Quivering curare and no
                  | rPois, watch out!!
 11708 | D:9      | Danger: kobold brigand |T3| Reason: Quivering curare and no
                  | rPois, watch out!!
 11709 | D:9      | Danger: kobold brigand |T3| Reason: Quivering curare and no
                  | rPois, watch out!!
 11710 | D:9      | Danger: kobold brigand |T3| Reason: Quivering curare and no
                  | rPois, watch out!!
 11711 | D:9      | Danger: kobold brigand |T3| Reason: Quivering curare and no
                  | rPois, watch out!!
 11712 | D:9      | Danger: kobold brigand |T3| Reason: Quivering curare and no
                  | rPois, watch out!!
 11713 | D:9      | Danger: kobold brigand |T3| Reason: Quivering curare and no
                  | rPois, watch out!!
 11714 | D:9      | Danger: kobold brigand |T3| Reason: Quivering curare and no
                  | rPois, watch out!!
 11715 | D:9      | Danger: kobold brigand |T3| Reason: Quivering curare and no
                  | rPois, watch out!!
 11716 | D:9      | Danger: kobold brigand |T3| Reason: Quivering curare and no
                  | rPois, watch out!!
 11717 | D:9      | Danger: kobold brigand |T3| Reason: Quivering curare and no
                  | rPois, watch out!!
 11729 | D:9      | Found a stormy altar of Qazlal.
 11759 | D:9      | Danger: gnoll |T3| Reason: Quivering throwing nets, watch
                  | out!
 11760 | D:9      | Danger: gnoll |T3| Reason: Quivering throwing nets, watch
                  | out!
 11762 | D:9      | Danger: gnoll |T3| Reason: Quivering throwing nets, watch
                  | out!
 11779 | D:9      | Danger: gnoll |T3| Reason: Quivering throwing nets, watch
                  | out!
 11780 | D:9      | Danger: gnoll |T3| Reason: Quivering throwing nets, watch
                  | out!
 11781 | D:9      | Danger: gnoll |T3| Reason: Quivering throwing nets, watch
                  | out!
 11782 | D:9      | Danger: gnoll |T3| Reason: Quivering throwing nets, watch
                  | out!
 11867 | D:9      | Found a shimmering blue altar of Sif Muna.
 12181 | D:10     | Entered Level 10 of the Dungeon
 12208 | D:10     | Danger: orc |T2| Reason: Quivering boomerangs, careful!
 12230 | D:10     | Danger: orc |T2| Reason: Quivering boomerangs, careful!
 12237 | D:10     | Danger: orc |T2| Reason: Quivering boomerangs, careful!
 12238 | D:10     | Danger: electric eel |T2| Reason: Electrical Bolt and no
                  | rElec
 12241 | D:10     | Danger: acid dragon |T2| Reason: Spit Acid deals more than
                  | 50% MHP!
 12251 | D:10     | Danger: acid dragon |T2| Reason: Spit Acid deals more than
                  | 50% MHP!
 12251 | D:10     | Danger: orc |T2| Reason: Quivering boomerangs, careful!
 12254 | D:10     | Danger: acid dragon |T2| Reason: Spit Acid deals more than
                  | 50% MHP!
 12257 | D:10     | Danger: Low HP Warning |T2| Reason: 55% HP (47/84)
 12258 | D:10     | Danger: Low HP Warning |T2| Reason: 57% HP (48/84)
 12259 | D:10     | Danger: Low HP Warning |T2| Reason: 57% HP (48/84)
 12260 | D:10     | Danger: Low HP Warning |T2| Reason: 53% HP (45/84)
 12261 | D:10     | Danger: Low HP Warning |T2| Reason: 45% HP (38/84)
 12262 | D:10     | Danger: Low HP Warning |T2| Reason: 45% HP (38/84)
 12263 | D:10     | Danger: Low HP Warning |T2| Reason: 45% HP (38/84)
 12264 | D:10     | Danger: Low HP Warning |T2| Reason: 38% HP (32/84)
 12265 | D:10     | Danger: Low HP Warning |T2| Reason: 38% HP (32/84)
 12266 | D:10     | Danger: Low HP Warning |T2| Reason: 38% HP (32/84)
 12267 | D:10     | Danger: Low HP Warning |T2| Reason: 39% HP (33/84)
 12268 | D:10     | Danger: Low HP Warning |T2| Reason: 39% HP (33/84)
 12269 | D:10     | Danger: Low HP Warning |T2| Reason: 39% HP (33/84)
 12270 | D:10     | Danger: Low HP Warning |T2| Reason: 40% HP (34/84)
 12271 | D:10     | Danger: Low HP Warning |T2| Reason: 40% HP (34/84)
 12274 | D:10     | Danger: Low HP Warning |T2| Reason: 41% HP (35/84)
 12275 | D:10     | Danger: Low HP Warning |T2| Reason: 41% HP (35/84)
 12276 | D:10     | Danger: Low HP Warning |T2| Reason: 42% HP (36/84)
 12277 | D:10     | Danger: Low HP Warning |T2| Reason: 42% HP (36/84)
 12278 | D:10     | Danger: Low HP Warning |T2| Reason: 42% HP (36/84)
 12279 | D:10     | Danger: Low HP Warning |T2| Reason: 44% HP (37/84)
 12280 | D:10     | Danger: Low HP Warning |T2| Reason: 44% HP (37/84)
 12281 | D:10     | Danger: Low HP Warning |T2| Reason: 44% HP (37/84)
 12282 | D:10     | Danger: Low HP Warning |T2| Reason: 45% HP (38/84)
 12284 | D:10     | Danger: Low HP Warning |T2| Reason: 45% HP (38/84)
 12285 | D:10     | Danger: Low HP Warning |T2| Reason: 46% HP (39/84)
 12286 | D:10     | Danger: Low HP Warning |T2| Reason: 46% HP (39/84)
 12288 | D:10     | Danger: Low HP Warning |T2| Reason: 47% HP (40/84)
 12515 | D:10     | Danger: howler monkey simulacrum |T2| Reason: OOD monster,
                  | careful!
 12515 | D:10     | Danger: howler monkey simulacrum |T2| Reason: simulacrum
                  | and no rC, careful
 12639 | D:10     | Danger: centaur warrior simulacrum |T2| Reason: OOD
                  | monster, careful!
 12639 | D:10     | Danger: centaur warrior simulacrum |T2| Reason: simulacrum
                  | and no rC, careful
 12639 | D:10     | Danger: centaur warrior simulacrum |T3| Reason: fast
                  | simulacrum and no rC, watch out!!
 12640 | D:10     | Danger: centaur warrior simulacrum |T3| Reason: fast
                  | simulacrum and no rC, watch out!!
 12641 | D:10     | Danger: centaur warrior simulacrum |T3| Reason: fast
                  | simulacrum and no rC, watch out!!
 12644 | D:10     | Danger: centaur warrior simulacrum |T2| Reason: OOD
                  | monster, careful!
 12644 | D:10     | Danger: centaur warrior simulacrum |T2| Reason: simulacrum
                  | and no rC, careful
 12644 | D:10     | Danger: centaur warrior simulacrum |T3| Reason: fast
                  | simulacrum and no rC, watch out!!
 12645 | D:10     | Danger: centaur warrior simulacrum |T3| Reason: fast
                  | simulacrum and no rC, watch out!!
 12646 | D:10     | Danger: centaur warrior simulacrum |T3| Reason: fast
                  | simulacrum and no rC, watch out!!
 12647 | D:10     | Danger: centaur warrior simulacrum |T3| Reason: fast
                  | simulacrum and no rC, watch out!!
 12648 | D:10     | Danger: centaur warrior simulacrum |T3| Reason: fast
                  | simulacrum and no rC, watch out!!
 12655 | D:10     | Danger: Low HP Warning |T2| Reason: 58% HP (49/84)
 12656 | D:10     | Danger: Low HP Warning |T2| Reason: 58% HP (49/84)
 12657 | D:10     | Danger: Low HP Warning |T2| Reason: 59% HP (50/84)
 12658 | D:10     | Danger: Low HP Warning |T2| Reason: 59% HP (50/84)
 12659 | D:10     | Danger: Low HP Warning |T2| Reason: 59% HP (50/84)
 12660 | D:10     | Danger: Low HP Warning |T2| Reason: 60% HP (51/84)
 12661 | D:10     | Danger: Low HP Warning |T2| Reason: 33% HP (28/84)
 12662 | D:10     | Danger: Low HP Warning |T2| Reason: 33% HP (28/84)
 12663 | D:10     | Danger: Low HP Warning |T2| Reason: 34% HP (29/84)
 12664 | D:10     | Danger: Low HP Warning |T2| Reason: 34% HP (29/84)
 12665 | D:10     | Danger: Low HP Warning |T2| Reason: 32% HP (27/84)
 13023 | D:10     | Danger: Low HP Warning |T2| Reason: 60% HP (51/84)
 13024 | D:10     | Reached ***** piety under Okawaru
 13257 | D:10     | Reached skill level 10 in Invocations
 13559 | D:11     | Danger: acid dragon |T2| Reason: Spit Acid deals more than
                  | 50% MHP!
 13567 | D:11     | Danger: Low HP Warning |T2| Reason: 55% HP (47/84)
 13569 | D:11     | Danger: Low HP Warning |T2| Reason: 57% HP (48/84)
 13743 | D:11     | Danger: Low HP Warning |T2| Reason: 57% HP (49/85)
 13744 | D:11     | Danger: Low HP Warning |T2| Reason: 58% HP (50/85)
 13745 | D:11     | Danger: Low HP Warning |T2| Reason: 58% HP (50/85)
 13746 | D:11     | Danger: Low HP Warning |T2| Reason: 52% HP (45/85)
 13747 | D:11     | Danger: Low HP Warning |T2| Reason: 51% HP (44/85)
 13748 | D:11     | Danger: Low HP Warning |T2| Reason: 48% HP (41/85)
 13749 | D:11     | Danger: Low HP Warning |T2| Reason: 48% HP (41/85)
 13750 | D:11     | Danger: Low HP Warning |T2| Reason: 41% HP (36/86)
 13754 | D:11     | Danger: Low HP Warning |T2| Reason: 44% HP (38/86)
 13755 | D:11     | Danger: Low HP Warning |T2| Reason: 44% HP (38/86)
 13760 | D:11     | Danger: Low HP Warning |T2| Reason: 46% HP (40/86)
 13761 | D:11     | Danger: Low HP Warning |T2| Reason: 46% HP (40/86)
 13762 | D:11     | Danger: Low HP Warning |T2| Reason: 46% HP (40/86)
 13767 | D:11     | Danger: Low HP Warning |T2| Reason: 48% HP (42/86)
 13768 | D:11     | Danger: Low HP Warning |T2| Reason: 48% HP (42/86)
 13769 | D:11     | Danger: Low HP Warning |T2| Reason: 50% HP (43/86)
 13770 | D:11     | Danger: Low HP Warning |T2| Reason: 50% HP (43/86)
 13771 | D:11     | Danger: Low HP Warning |T2| Reason: 33% HP (29/86)
 13772 | D:11     | Danger: Low HP Warning |T2| Reason: 34% HP (30/86)
 14224 | D:11     | Found Xicomota's Pet Rocks.
 14235 | D:11     | Danger: basilisk |T2| Reason: OOD monster, careful!
 14241 | D:11     | Danger: basilisk |T2| Reason: OOD monster, careful!
 14243 | D:11     | Danger: basilisk |T2| Reason: OOD monster, careful!
 14245 | D:11     | Identified the +0 ring mail "Tiyl" {rF+} (Okawaru gifted it
                  | to you on level 11 of the Dungeon)
 14245 | D:11     | Received a gift from Okawaru
 14246 | D:11     | Danger: basilisk |T2| Reason: OOD monster, careful!
 14349 | D:11     | Reached XP level 12. HP: 82/96 MP: 11/19
 14463 | D:11     | Found a staircase to the Orcish Mines.
 14493 | D:11     | Noticed a two-headed ogre
 14508 | D:11     | Killed a two-headed ogre
 14509 | D:11     | Reached skill level 10 in Fighting
 14862 | Lair:1   | Entered Level 1 of the Lair of Beasts
 14887 | Lair:1   | Identified the +5 falchion of Gravity {flame, rPois rN+
                  | Stlth+}
 15137 | Lair:1   | Reached skill level 10 in Maces & Flails
 15226 | Lair:1   | Danger: Low HP Warning |T2| Reason: 60% HP (59/97)
 15227 | Lair:1   | Danger: Low HP Warning |T2| Reason: 60% HP (59/97)
 15228 | Lair:1   | Danger: Low HP Warning |T2| Reason: 54% HP (53/97)
 15310 | Lair:1   | Danger: Low HP Warning |T2| Reason: 57% HP (54/94)
 15311 | Lair:1   | Danger: Low HP Warning |T2| Reason: 53% HP (50/94)
 15312 | Lair:1   | Danger: Low HP Warning |T2| Reason: 54% HP (51/94)
 15313 | Lair:1   | Danger: Low HP Warning |T2| Reason: 54% HP (51/94)
 15315 | Lair:1   | Danger: Low HP Warning |T2| Reason: 55% HP (52/94)
 15316 | Lair:1   | Danger: Low HP Warning |T2| Reason: 55% HP (52/94)
 15317 | Lair:1   | Danger: Low HP Warning |T2| Reason: 55% HP (52/94)
 15318 | Lair:1   | Danger: Low HP Warning |T2| Reason: 56% HP (53/94)
 15319 | Lair:1   | Danger: Low HP Warning |T2| Reason: 56% HP (53/94)
 15320 | Lair:1   | Danger: Low HP Warning |T2| Reason: 56% HP (53/94)
 15321 | Lair:1   | Danger: Low HP Warning |T2| Reason: 57% HP (54/94)
 15322 | Lair:1   | Danger: Low HP Warning |T2| Reason: 51% HP (48/94)
 15323 | Lair:1   | Danger: Low HP Warning |T2| Reason: 47% HP (44/92)
 15324 | Lair:1   | Danger: Low HP Warning |T2| Reason: 48% HP (45/92)
 15325 | Lair:1   | Danger: Low HP Warning |T2| Reason: 48% HP (45/92)
 15503 | Lair:1   | Danger: Low HP Warning |T2| Reason: 50% HP (45/89)
 15504 | Lair:1   | Danger: Low HP Warning |T2| Reason: 38% HP (34/89)
 15505 | Lair:1   | Danger: Low HP Warning |T2| Reason: 38% HP (34/89)
 15506 | Lair:1   | Danger: Low HP Warning |T2| Reason: 38% HP (35/92)
 15507 | Lair:1   | Danger: Low HP Warning |T2| Reason: 38% HP (35/92)
 15508 | Lair:1   | Danger: Low HP Warning |T2| Reason: 38% HP (35/92)
 15509 | Lair:1   | Danger: Low HP Warning |T2| Reason: 38% HP (35/92)
 15510 | Lair:1   | Danger: Low HP Warning |T2| Reason: 39% HP (36/92)
 15511 | Lair:1   | Danger: Low HP Warning |T2| Reason: 39% HP (36/92)
 15512 | Lair:1   | Danger: Low HP Warning |T2| Reason: 39% HP (36/92)
 15513 | Lair:1   | Danger: Low HP Warning |T2| Reason: 39% HP (37/94)
 15514 | Lair:1   | Danger: Low HP Warning |T2| Reason: 39% HP (37/94)
 15515 | Lair:1   | Danger: Low HP Warning |T2| Reason: 39% HP (37/94)
 15516 | Lair:1   | Danger: Low HP Warning |T2| Reason: 39% HP (37/94)
 15517 | Lair:1   | Danger: Low HP Warning |T2| Reason: 40% HP (38/94)
 15518 | Lair:1   | Danger: Low HP Warning |T2| Reason: 40% HP (38/94)
 15521 | Lair:1   | Danger: Low HP Warning |T2| Reason: 40% HP (38/94)
 15523 | Lair:1   | Danger: Low HP Warning |T2| Reason: 41% HP (39/94)
 15524 | Lair:1   | Danger: Low HP Warning |T2| Reason: 41% HP (39/94)
 15525 | Lair:1   | Danger: Low HP Warning |T2| Reason: 41% HP (39/94)
 15526 | Lair:1   | Danger: Low HP Warning |T2| Reason: 41% HP (40/96)
 15530 | Lair:1   | Danger: Low HP Warning |T2| Reason: 42% HP (41/97)
 15531 | Lair:1   | Danger: Low HP Warning |T2| Reason: 42% HP (41/97)
 15532 | Lair:1   | Danger: Low HP Warning |T2| Reason: 43% HP (42/97)
 15534 | Lair:1   | Danger: Low HP Warning |T2| Reason: 43% HP (42/97)
 15535 | Lair:1   | Danger: Low HP Warning |T2| Reason: 44% HP (43/97)
 15536 | Lair:1   | Danger: Low HP Warning |T2| Reason: 44% HP (43/97)
 15537 | Lair:1   | Danger: Low HP Warning |T2| Reason: 44% HP (43/97)
 15538 | Lair:1   | Danger: Low HP Warning |T2| Reason: 35% HP (34/97)
 15906 | Lair:1   | Reached skill level 11 in Maces & Flails
 16639 | Lair:2   | Noticed Nergalle
 16640 | Lair:2   | Danger: Nergalle |T2| Reason: Unique monster, careful!
 16640 | Lair:2   | Danger: Nergalle |T2| Reason: Bolt of Draining deals more
                  | than 50% MHP!
 16644 | Lair:2   | Danger: Nergalle |T2| Reason: Unique monster, careful!
 16644 | Lair:2   | Danger: Nergalle |T2| Reason: Bolt of Draining deals more
                  | than 50% MHP!
 16653 | Lair:2   | Danger: Nergalle |T2| Reason: Unique monster, careful!
 16653 | Lair:2   | Danger: Nergalle |T2| Reason: Bolt of Draining deals more
                  | than 50% MHP!
 16660 | Lair:2   | Killed Nergalle
 17148 | Lair:2   | Found a hole to the Spider Nest.
 17181 | Lair:2   | Danger: Low HP Warning |T2| Reason: 51% HP (50/97)
 17183 | Lair:2   | Danger: Low HP Warning |T2| Reason: 52% HP (51/97)
 17184 | Lair:2   | Danger: Low HP Warning |T2| Reason: 52% HP (51/97)
 17187 | Lair:2   | Danger: Low HP Warning |T2| Reason: 53% HP (52/97)
 17188 | Lair:2   | Danger: Low HP Warning |T2| Reason: 53% HP (52/97)
 17189 | Lair:2   | Danger: Low HP Warning |T2| Reason: 54% HP (53/97)
 17191 | Lair:2   | Danger: Low HP Warning |T2| Reason: 54% HP (53/97)
 17192 | Lair:2   | Danger: Low HP Warning |T2| Reason: 55% HP (54/97)
 17193 | Lair:2   | Danger: Low HP Warning |T2| Reason: 55% HP (54/97)
 17194 | Lair:2   | Danger: Low HP Warning |T2| Reason: 56% HP (55/97)
 17195 | Lair:2   | Danger: Low HP Warning |T2| Reason: 56% HP (55/97)
 17196 | Lair:2   | Danger: Low HP Warning |T2| Reason: 56% HP (55/97)
 17197 | Lair:2   | Danger: Low HP Warning |T2| Reason: 57% HP (56/97)
 17199 | Lair:2   | Danger: Low HP Warning |T2| Reason: 57% HP (56/97)
 17200 | Lair:2   | Danger: Low HP Warning |T2| Reason: 58% HP (57/97)
 17201 | Lair:2   | Danger: Low HP Warning |T2| Reason: 58% HP (57/97)
 17202 | Lair:2   | Danger: Low HP Warning |T2| Reason: 58% HP (57/97)
 17203 | Lair:2   | Danger: Low HP Warning |T2| Reason: 59% HP (58/97)
 17204 | Lair:2   | Danger: Low HP Warning |T2| Reason: 59% HP (58/97)
 17205 | Lair:2   | Danger: Low HP Warning |T2| Reason: 59% HP (58/97)
 17206 | Lair:2   | Danger: Low HP Warning |T2| Reason: 47% HP (46/97)
 17207 | Lair:2   | Danger: Low HP Warning |T2| Reason: 47% HP (46/97)
 17506 | Lair:2   | Noticed Urug
 17507 | Lair:2   | Danger: Urug |T2| Reason: Quivering javelins, watch out!
 17507 | Lair:2   | Danger: Urug |T2| Reason: Unique monster, careful!
 17512 | Lair:2   | Urug changed into Urug the lindwurm
 17512 | Lair:2   | Noticed Urug
 17513 | Lair:2   | Danger: Urug the lindwurm |T2| Reason: Fire Breath deals
                  | more than 50% MHP!
 17519 | Lair:2   | Danger: Urug the lindwurm |T2| Reason: Fire Breath deals
                  | more than 50% MHP!
 17523 | Lair:2   | Danger: Urug the lindwurm |T2| Reason: Fire Breath deals
                  | more than 50% MHP!
 17535 | Lair:2   | Killed Urug the lindwurm
 17536 | Lair:2   | Reached skill level 12 in Maces & Flails
 17761 | Lair:2   | Found a staircase to the Shoals.
 18170 | Lair:3   | Reached XP level 13. HP: 91/103 MP: 16/20
 18342 | Lair:3   | Reached skill level 13 in Maces & Flails
 18464 | Lair:3   | Received a gift from Okawaru
 18473 | Lair:3   | Danger: Low HP Warning |T2| Reason: 57% HP (59/103)
 18474 | Lair:3   | Danger: Low HP Warning |T2| Reason: 57% HP (59/103)
 18475 | Lair:3   | Danger: Low HP Warning |T2| Reason: 58% HP (60/103)
 18477 | Lair:3   | Danger: Low HP Warning |T2| Reason: 58% HP (60/103)
 18478 | Lair:3   | Danger: Low HP Warning |T2| Reason: 59% HP (61/103)
 18479 | Lair:3   | Danger: Low HP Warning |T2| Reason: 59% HP (61/103)
 18480 | Lair:3   | Danger: Low HP Warning |T2| Reason: 45% HP (47/103)
 18481 | Lair:3   | Danger: Low HP Warning |T2| Reason: 42% HP (44/103)
 18482 | Lair:3   | Danger: Low HP Warning |T2| Reason: 43% HP (45/103)
 18483 | Lair:3   | Danger: Low HP Warning |T2| Reason: 43% HP (45/103)
 18484 | Lair:3   | Reached skill level 14 in Maces & Flails
 18484 | Lair:3   | Danger: Low HP Warning |T2| Reason: 44% HP (46/104)
 18485 | Lair:3   | Danger: Low HP Warning |T2| Reason: 44% HP (46/104)
 18486 | Lair:3   | Danger: Low HP Warning |T2| Reason: 40% HP (42/104)
 18487 | Lair:3   | Danger: Low HP Warning |T2| Reason: 40% HP (42/104)
 18488 | Lair:3   | Danger: Low HP Warning |T2| Reason: 41% HP (43/104)
 18490 | Lair:3   | Danger: Low HP Warning |T2| Reason: 41% HP (43/104)
 19598 | Lair:4   | Danger: Low HP Warning |T2| Reason: 60% HP (64/106)
 19599 | Lair:4   | Danger: Low HP Warning |T2| Reason: 56% HP (60/106)
 19600 | Lair:4   | Danger: Low HP Warning |T2| Reason: 54% HP (58/106)
 19601 | Lair:4   | Danger: Low HP Warning |T2| Reason: 48% HP (51/106)
 19602 | Lair:4   | Danger: Low HP Warning |T2| Reason: 47% HP (50/106)
 19603 | Lair:4   | Danger: Low HP Warning |T2| Reason: 46% HP (49/106)
 19604 | Lair:4   | Danger: Low HP Warning |T2| Reason: 44% HP (47/106)
 19605 | Lair:4   | Danger: Low HP Warning |T2| Reason: 54% HP (58/106)
 19606 | Lair:4   | Danger: Low HP Warning |T2| Reason: 54% HP (58/106)
 19607 | Lair:4   | Danger: Low HP Warning |T2| Reason: 54% HP (58/106)
 19608 | Lair:4   | Danger: Low HP Warning |T2| Reason: 55% HP (59/106)
 19609 | Lair:4   | Danger: Low HP Warning |T2| Reason: 55% HP (59/106)
 19610 | Lair:4   | Danger: Low HP Warning |T2| Reason: 55% HP (59/106)
 19611 | Lair:4   | Danger: Low HP Warning |T2| Reason: 55% HP (59/106)
 19612 | Lair:4   | Danger: Low HP Warning |T2| Reason: 56% HP (60/106)
 19613 | Lair:4   | Danger: Low HP Warning |T2| Reason: 56% HP (60/106)
 19614 | Lair:4   | Danger: Low HP Warning |T2| Reason: 56% HP (60/106)
 19615 | Lair:4   | Danger: Low HP Warning |T2| Reason: 57% HP (61/106)
 19616 | Lair:4   | Danger: Low HP Warning |T2| Reason: 57% HP (61/106)
 19617 | Lair:4   | Danger: Low HP Warning |T2| Reason: 57% HP (61/106)
 19618 | Lair:4   | Danger: Low HP Warning |T2| Reason: 57% HP (61/106)
 19619 | Lair:4   | Danger: Low HP Warning |T2| Reason: 57% HP (61/106)
 19620 | Lair:4   | Danger: Low HP Warning |T2| Reason: 57% HP (61/106)
 19621 | Lair:4   | Danger: Low HP Warning |T2| Reason: 57% HP (62/107)
 19622 | Lair:4   | Danger: Low HP Warning |T2| Reason: 57% HP (62/107)
 19623 | Lair:4   | Danger: Low HP Warning |T2| Reason: 58% HP (63/107)
 19624 | Lair:4   | Danger: Low HP Warning |T2| Reason: 58% HP (63/107)
 19625 | Lair:4   | Danger: Low HP Warning |T2| Reason: 58% HP (63/107)
 19626 | Lair:4   | Danger: Low HP Warning |T2| Reason: 59% HP (64/107)
 19627 | Lair:4   | Danger: Low HP Warning |T2| Reason: 59% HP (64/107)
 19628 | Lair:4   | Danger: Low HP Warning |T2| Reason: 59% HP (64/107)
 19629 | Lair:4   | Danger: Low HP Warning |T2| Reason: 60% HP (65/107)
 19630 | Lair:4   | Danger: Low HP Warning |T2| Reason: 60% HP (65/107)
 19862 | Lair:4   | Danger: Low HP Warning |T2| Reason: 56% HP (61/108)
 19863 | Lair:4   | Danger: Low HP Warning |T2| Reason: 54% HP (59/108)
 19864 | Lair:4   | Danger: Low HP Warning |T2| Reason: 50% HP (55/108)
 19865 | Lair:4   | Danger: Low HP Warning |T2| Reason: 50% HP (55/108)
 19866 | Lair:4   | Danger: Low HP Warning |T2| Reason: 51% HP (56/108)
 19867 | Lair:4   | Danger: Low HP Warning |T2| Reason: 51% HP (56/108)
 19868 | Lair:4   | Danger: Low HP Warning |T2| Reason: 49% HP (53/108)
 19869 | Lair:4   | Danger: Low HP Warning |T2| Reason: 50% HP (54/108)
 19870 | Lair:4   | Danger: Low HP Warning |T2| Reason: 50% HP (54/108)
 19871 | Lair:4   | Danger: Low HP Warning |T2| Reason: 50% HP (54/108)
 19872 | Lair:4   | Danger: Low HP Warning |T2| Reason: 50% HP (55/108)
 19873 | Lair:4   | Danger: Low HP Warning |T2| Reason: 44% HP (48/108)
 19874 | Lair:4   | Danger: Low HP Warning |T2| Reason: 45% HP (49/108)
 19875 | Lair:4   | Danger: Low HP Warning |T2| Reason: 45% HP (49/108)
 19876 | Lair:4   | Danger: Low HP Warning |T2| Reason: 45% HP (49/108)
 19877 | Lair:4   | Danger: Low HP Warning |T2| Reason: 46% HP (50/108)
 19878 | Lair:4   | Danger: Low HP Warning |T2| Reason: 46% HP (50/108)
 19880 | Lair:4   | Danger: Low HP Warning |T2| Reason: 47% HP (51/108)
 19881 | Lair:4   | Danger: Low HP Warning |T2| Reason: 47% HP (51/108)
 19883 | Lair:4   | Danger: Low HP Warning |T2| Reason: 48% HP (52/108)
 19884 | Lair:4   | Danger: Low HP Warning |T2| Reason: 48% HP (52/108)
 19885 | Lair:4   | Danger: Low HP Warning |T2| Reason: 49% HP (53/108)
 19886 | Lair:4   | Danger: Low HP Warning |T2| Reason: 49% HP (53/108)
 19887 | Lair:4   | Danger: Low HP Warning |T2| Reason: 50% HP (54/108)
 19888 | Lair:4   | Danger: Low HP Warning |T2| Reason: 50% HP (54/108)
 19890 | Lair:4   | Danger: Low HP Warning |T2| Reason: 50% HP (55/108)
 19891 | Lair:4   | Danger: Low HP Warning |T2| Reason: 50% HP (55/108)
 19892 | Lair:4   | Danger: Low HP Warning |T2| Reason: 50% HP (55/108)
 19893 | Lair:4   | Danger: Low HP Warning |T2| Reason: 51% HP (56/108)
 19894 | Lair:4   | Danger: Low HP Warning |T2| Reason: 51% HP (56/108)
 19895 | Lair:4   | Danger: Low HP Warning |T2| Reason: 51% HP (56/108)
 19896 | Lair:4   | Danger: Low HP Warning |T2| Reason: 52% HP (57/108)
 19898 | Lair:4   | Danger: Low HP Warning |T2| Reason: 52% HP (57/108)
 19899 | Lair:4   | Danger: Low HP Warning |T2| Reason: 53% HP (58/108)
 19900 | Lair:4   | Danger: Low HP Warning |T2| Reason: 53% HP (58/108)
 19901 | Lair:4   | Danger: Low HP Warning |T2| Reason: 53% HP (58/108)
 19902 | Lair:4   | Danger: Low HP Warning |T2| Reason: 54% HP (59/108)
 19903 | Lair:4   | Danger: Low HP Warning |T2| Reason: 54% HP (59/108)
 19904 | Lair:4   | Danger: Low HP Warning |T2| Reason: 54% HP (59/108)
 19906 | Lair:4   | Danger: Low HP Warning |T2| Reason: 55% HP (60/108)
 19910 | Lair:4   | Danger: Low HP Warning |T2| Reason: 56% HP (61/108)
 19911 | Lair:4   | Danger: Low HP Warning |T2| Reason: 56% HP (61/108)
 19912 | Lair:4   | Danger: Low HP Warning |T2| Reason: 57% HP (62/108)
 19913 | Lair:4   | Danger: Low HP Warning |T2| Reason: 57% HP (62/108)
 19914 | Lair:4   | Danger: Low HP Warning |T2| Reason: 50% HP (54/108)
 19915 | Lair:4   | Danger: Low HP Warning |T2| Reason: 50% HP (55/108)
 19916 | Lair:4   | Danger: Low HP Warning |T2| Reason: 50% HP (55/108)
 19918 | Lair:4   | Danger: Low HP Warning |T2| Reason: 51% HP (56/108)
 19918 | Lair:4   | Received a gift from Okawaru
 20138 | Lair:4   | Noticed an eight-headed hydra
 20153 | Lair:4   | Killed an eight-headed hydra
 20215 | Lair:4   | Noticed a four-headed hydra
 20225 | Lair:4   | Killed a four-headed hydra
 20308 | Lair:4   | Found a viscous altar of Jiyva.
 20308 | Lair:4   | Found a staircase to the Slime Pits.
 20322 | Lair:4   | Noticed a catoblepas
 20333 | Lair:4   | Killed a catoblepas
 20558 | Lair:4   | Reached skill level 15 in Maces & Flails
 20632 | Lair:4   | Danger: Low HP Warning |T2| Reason: 54% HP (59/108)
 20633 | Lair:4   | Danger: Low HP Warning |T2| Reason: 51% HP (56/108)
 20634 | Lair:4   | Danger: Low HP Warning |T2| Reason: 49% HP (53/108)
 20635 | Lair:4   | Reached skill level 1 in Throwing
 20635 | Lair:4   | Danger: Low HP Warning |T2| Reason: 44% HP (48/108)
 20636 | Lair:4   | Danger: Low HP Warning |T2| Reason: 43% HP (47/108)
 20637 | Lair:4   | Danger: Low HP Warning |T2| Reason: 42% HP (46/108)
 20638 | Lair:4   | Danger: Low HP Warning |T2| Reason: 41% HP (45/108)
 20639 | Lair:4   | Danger: Low HP Warning |T2| Reason: 41% HP (45/108)
 20640 | Lair:4   | Danger: Low HP Warning |T2| Reason: 37% HP (40/108)
 21027 | Lair:4   | Got the Grimoire of Metallic Rime
 21217 | Lair:5   | Entered Level 5 of the Lair of Beasts
 21218 | Lair:5   | Danger: rime drake |T2| Reason: Flash Freeze (3d13) and not
                  | rC+, careful!
 21225 | Lair:5   | Reached XP level 14. HP: 114/115 MP: 18/21
 21298 | Lair:5   | Reached skill level 5 in Dodging
 21330 | Lair:5   | Danger: Low HP Warning |T2| Reason: 56% HP (65/115)
 21331 | Lair:5   | Danger: Low HP Warning |T2| Reason: 56% HP (65/115)
 21331 | Lair:5   | Received a gift from Okawaru
 21332 | Lair:5   | Danger: Low HP Warning |T2| Reason: 56% HP (65/115)
 21333 | Lair:5   | Danger: Low HP Warning |T2| Reason: 57% HP (66/115)
 21334 | Lair:5   | Danger: Low HP Warning |T2| Reason: 57% HP (66/115)
 21335 | Lair:5   | Danger: Low HP Warning |T2| Reason: 57% HP (66/115)
 21367 | Lair:5   | Danger: Low HP Warning |T2| Reason: 60% HP (69/115)
 21368 | Lair:5   | Danger: Low HP Warning |T2| Reason: 60% HP (69/115)
 21369 | Lair:5   | Danger: Low HP Warning |T2| Reason: 60% HP (69/115)
 21370 | Lair:5   | Danger: Low HP Warning |T2| Reason: 60% HP (70/115)
 21371 | Lair:5   | Danger: Low HP Warning |T2| Reason: 60% HP (70/115)
 21377 | Lair:5   | Found a gate leading to a gauntlet.
 21385 | Lair:5   | Danger: Low HP Warning |T2| Reason: 60% HP (70/115)
 21386 | Lair:5   | Danger: Low HP Warning |T2| Reason: 60% HP (70/115)
 21387 | Lair:5   | Danger: Low HP Warning |T2| Reason: 60% HP (70/115)
 21413 | Lair:5   | Received a gift from Okawaru
 21426 | Gauntlet | Entered a Gauntlet
 21426 | Gauntlet | Found a transporter.
 21426 | Gauntlet | Found a transporter.
 21426 | Gauntlet | Found a transporter.
 21427 | Gauntlet | Found a transporter.
 21513 | Gauntlet | Found a transporter.
 21515 | Gauntlet | Found a transporter.
 21520 | Gauntlet | Found a transporter.
 21521 | Gauntlet | Found a transporter.
 21523 | Gauntlet | Found a transporter.
 21524 | Gauntlet | Found a transporter.
 21532 | Gauntlet | Found a transporter.
 21533 | Gauntlet | Found a transporter.
 21711 | Gauntlet | Danger: wolf simulacrum |T2| Reason: simulacrum and no rC,
                  | careful
 21711 | Gauntlet | Danger: wolf simulacrum |T3| Reason: fast simulacrum and no
                  | rC, watch out!!
 21712 | Gauntlet | Danger: wolf simulacrum |T3| Reason: fast simulacrum and no
                  | rC, watch out!!
 21713 | Gauntlet | Danger: wolf simulacrum |T3| Reason: fast simulacrum and no
                  | rC, watch out!!
 21714 | Gauntlet | Danger: wolf simulacrum |T3| Reason: fast simulacrum and no
                  | rC, watch out!!
 21715 | Gauntlet | Danger: wolf simulacrum |T3| Reason: fast simulacrum and no
                  | rC, watch out!!
 21716 | Gauntlet | Danger: wolf simulacrum |T3| Reason: fast simulacrum and no
                  | rC, watch out!!
 21717 | Gauntlet | Danger: wolf simulacrum |T3| Reason: fast simulacrum and no
                  | rC, watch out!!
 21718 | Gauntlet | Danger: wolf simulacrum |T2| Reason: simulacrum and no rC,
                  | careful
 21718 | Gauntlet | Danger: wolf simulacrum |T3| Reason: fast simulacrum and no
                  | rC, watch out!!
 21718 | Gauntlet | Danger: wolf simulacrum |T3| Reason: fast simulacrum and no
                  | rC, watch out!!
 21719 | Gauntlet | Danger: wolf simulacrum |T3| Reason: fast simulacrum and no
                  | rC, watch out!!
 21719 | Gauntlet | Danger: wolf simulacrum |T3| Reason: fast simulacrum and no
                  | rC, watch out!!
 21721 | Gauntlet | Danger: wolf simulacrum |T3| Reason: fast simulacrum and no
                  | rC, watch out!!
 21721 | Gauntlet | Danger: wolf simulacrum |T3| Reason: fast simulacrum and no
                  | rC, watch out!!
 21722 | Gauntlet | Danger: wolf simulacrum |T3| Reason: fast simulacrum and no
                  | rC, watch out!!
 21722 | Gauntlet | Danger: wolf simulacrum |T3| Reason: fast simulacrum and no
                  | rC, watch out!!
 21723 | Gauntlet | Danger: wolf simulacrum |T3| Reason: fast simulacrum and no
                  | rC, watch out!!
 21724 | Gauntlet | Danger: wolf simulacrum |T3| Reason: fast simulacrum and no
                  | rC, watch out!!
 21725 | Gauntlet | Danger: wolf simulacrum |T3| Reason: fast simulacrum and no
                  | rC, watch out!!
 21726 | Gauntlet | Danger: wolf simulacrum |T3| Reason: fast simulacrum and no
                  | rC, watch out!!
 21728 | Gauntlet | Danger: wolf simulacrum |T2| Reason: simulacrum and no rC,
                  | careful
 21728 | Gauntlet | Danger: wolf simulacrum |T3| Reason: fast simulacrum and no
                  | rC, watch out!!
 21729 | Gauntlet | Danger: wolf simulacrum |T3| Reason: fast simulacrum and no
                  | rC, watch out!!
 21730 | Gauntlet | Danger: wolf simulacrum |T3| Reason: fast simulacrum and no
                  | rC, watch out!!
 21731 | Gauntlet | Danger: wolf simulacrum |T3| Reason: fast simulacrum and no
                  | rC, watch out!!
 21779 | Gauntlet | Identified the +2 pair of gloves of Autumn {Will++}
 21841 | Gauntlet | Noticed a minotaur
 21842 | Gauntlet | Danger: minotaur |T2| Reason: Quivering javelins, watch
                  | out!
 21845 | Gauntlet | Danger: minotaur |T2| Reason: Quivering javelins, watch
                  | out!
 21851 | Gauntlet | Killed a minotaur
 21860 | Gauntlet | Identified the +4 hand axe of Hell's Wrath {pain, rPois
                  | rCorr Str-4 Dex+6}
 22147 | Lair:5   | Identified the +0 crystal plate armour of Mumblety Peg
                  | {Drain Will+++ Regen+} (Okawaru gifted it to you on level 5
                  | of the Lair of Beasts)
 22147 | Lair:5   | Received a gift from Okawaru
 23032 | Lair:5   | Danger: manticore |T2| Reason: OOD monster, careful!
 23048 | Lair:5   | Danger: manticore |T2| Reason: OOD monster, careful!
 23063 | Lair:5   | Reached skill level 10 in Dodging
 23063 | Lair:5   | Reached skill level 1 in Shields
 23599 | D:7      | Bought a scroll of acquirement for 832 gold pieces
 23603 | D:7      | Acquired the amulet of Zesyol {Acrobat Contam Fragile rPois
                  | rF+++}
 23605 | D:7      | Acquired 773 gold pieces
 23612 | D:7      | Bought a scroll of enchant weapon for 120 gold pieces
 23619 | D:7      | Bought a condenser vane for 640 gold pieces
 24125 | D:12     | Found Liba's Weapon Shop.
 24205 | D:12     | Found a shimmering altar of Xom.
 24205 | D:12     | Found a shimmering altar of Xom.
 24205 | D:12     | Found a shimmering altar of Xom.
 24435 | D:12     | Reached skill level 5 in Shields
 24435 | D:12     | Reached XP level 15. HP: 112/120 MP: 22/22
 24690 | D:12     | Identified the +10 flail "Erhucku" {heavy, rF+ rCorr
                  | Stlth+}
 25130 | D:12     | Danger: cyclops |T2| Reason: Quivering large rocks, watch
                  | out!!
 25135 | D:12     | Danger: cyclops |T2| Reason: Quivering large rocks, watch
                  | out!!
 25139 | D:12     | Danger: cyclops |T2| Reason: Quivering large rocks, watch
                  | out!!
 25143 | D:12     | Danger: cyclops |T2| Reason: Quivering large rocks, watch
                  | out!!
 25144 | D:12     | Reached skill level 5 in Evocations
 25147 | D:12     | Danger: cyclops |T2| Reason: Quivering large rocks, watch
                  | out!!
 25233 | D:12     | Danger: cyclops |T2| Reason: Quivering large rocks, watch
                  | out!!
 25287 | D:12     | Danger: catoblepas |T2| Reason: OOD monster, careful!
 25287 | D:12     | Danger: cyclops |T2| Reason: Quivering large rocks, watch
                  | out!!
 25290 | D:12     | Danger: cyclops |T2| Reason: Quivering large rocks, watch
                  | out!!
 25296 | D:12     | Danger: Low HP Warning |T2| Reason: 58% HP (70/120)
 25297 | D:12     | Danger: Low HP Warning |T2| Reason: 58% HP (70/120)
 25298 | D:12     | Danger: cyclops |T2| Reason: Quivering large rocks, watch
                  | out!!
 25298 | D:12     | Danger: Low HP Warning |T2| Reason: 58% HP (70/120)
 25299 | D:12     | Danger: Low HP Warning |T2| Reason: 59% HP (71/120)
 25490 | D:13     | Danger: +4 long sword |T2| Reason: OOD monster, careful!
 25490 | D:13     | Danger: +4 long sword |T2| Reason: OOD monster, careful!
 25493 | D:13     | Danger: +4 long sword |T2| Reason: OOD monster, careful!
 25497 | D:13     | Danger: +4 long sword |T2| Reason: OOD monster, careful!
 25499 | D:13     | Danger: +4 long sword |T2| Reason: OOD monster, careful!
 25501 | D:13     | Danger: +4 long sword |T2| Reason: OOD monster, careful!
 25503 | D:13     | Danger: +4 long sword |T2| Reason: OOD monster, careful!
 25506 | D:13     | Danger: +4 long sword |T2| Reason: OOD monster, careful!
 25508 | D:13     | Danger: +4 long sword |T2| Reason: OOD monster, careful!
 25630 | D:13     | Found a gate to the Vaults.
 25834 | D:13     | Noticed Rupert
 25835 | D:13     | Danger: Rupert |T2| Reason: Unique monster, careful!
 25848 | D:13     | Danger: Rupert |T2| Reason: Unique monster, careful!
 25863 | D:13     | Killed Rupert
 25863 | D:13     | Received a gift from Okawaru
 25912 | D:13     | Danger: redback simulacrum |T2| Reason: OOD monster,
                  | careful!
 25912 | D:13     | Danger: redback simulacrum |T2| Reason: simulacrum and no
                  | rC, careful
 25912 | D:13     | Danger: redback simulacrum |T3| Reason: fast simulacrum and
                  | no rC, watch out!!
 25913 | D:13     | Danger: redback simulacrum |T3| Reason: fast simulacrum and
                  | no rC, watch out!!
 25914 | D:13     | Danger: redback simulacrum |T3| Reason: fast simulacrum and
                  | no rC, watch out!!
 25915 | D:13     | Danger: redback simulacrum |T3| Reason: fast simulacrum and
                  | no rC, watch out!!
 25916 | D:13     | Danger: redback simulacrum |T3| Reason: fast simulacrum and
                  | no rC, watch out!!
 25946 | D:13     | Noticed Sonja
 25947 | D:13     | Danger: Sonja |T3| Reason: Quivering curare and no rPois,
                  | watch out!!
 25947 | D:13     | Danger: Sonja |T2| Reason: Unique monster, careful!
 25947 | D:13     | Danger: Sonja |T2| Reason: carrying a wand of polymorph
                  | (5), careful!
 25947 | D:13     | Sonja changed into Sonja the yak
 25947 | D:13     | Noticed Sonja
 25953 | D:13     | Killed Sonja the yak
 26029 | D:13     | Danger: Low HP Warning |T2| Reason: 58% HP (70/120)
 26030 | D:13     | Danger: Low HP Warning |T2| Reason: 58% HP (70/120)
 26034 | D:13     | Danger: Low HP Warning |T2| Reason: 60% HP (72/120)
 26166 | D:13     | Received a gift from Okawaru
 26374 | D:13     | Danger: Low HP Warning |T2| Reason: 44% HP (53/120)
 26631 | D:13     | Danger: cyclops |T2| Reason: Quivering large rocks, watch
                  | out!!
 26756 | D:14     | Danger: Low HP Warning |T2| Reason: 60% HP (73/120)
 26757 | D:14     | Danger: Low HP Warning |T2| Reason: 60% HP (73/120)
 26758 | D:14     | Danger: Low HP Warning |T2| Reason: 60% HP (73/120)
 26759 | D:14     | Danger: Low HP Warning |T2| Reason: 60% HP (73/120)
 26761 | D:14     | Danger: Low HP Warning |T2| Reason: 53% HP (64/120)
 26762 | D:14     | Danger: Low HP Warning |T2| Reason: 51% HP (62/120)
 26764 | D:14     | Danger: Low HP Warning |T2| Reason: 50% HP (60/120)
 26766 | D:14     | Danger: Low HP Warning |T2| Reason: 50% HP (60/120)
 26767 | D:14     | Danger: Low HP Warning |T2| Reason: 50% HP (61/120)
 26769 | D:14     | Danger: Low HP Warning |T2| Reason: 50% HP (61/120)
 26771 | D:14     | Danger: Low HP Warning |T2| Reason: 45% HP (54/120)
 26773 | D:14     | Reached skill level 10 in Evocations
 27163 | D:14     | Noticed Azrael
 27164 | D:14     | Danger: Azrael |T2| Reason: Unique monster, careful!
 27164 | D:14     | Danger: Azrael |T2| Reason: Damnation in LOS, careful!
 27164 | D:14     | Danger: Azrael |T2| Reason: Damnation (smite) in LOS, watch
                  | out!
 27164 | D:14     | Danger: Azrael |T2| Reason: Bolt of Fire deals more than
                  | 50% MHP!
 27164 | D:14     | Danger: Azrael |T2| Reason: Fireball deals more than 50%
                  | MHP!
 27164 | D:14     | Danger: Azrael |T2| Reason: Hurl Damnation deals more than
                  | 50% MHP!
 27188 | D:14     | Danger: Azrael |T2| Reason: Unique monster, careful!
 27188 | D:14     | Danger: Azrael |T2| Reason: Damnation in LOS, careful!
 27188 | D:14     | Danger: Azrael |T2| Reason: Damnation (smite) in LOS, watch
                  | out!
 27188 | D:14     | Danger: Azrael |T2| Reason: Bolt of Fire deals more than
                  | 50% MHP!
 27188 | D:14     | Danger: Azrael |T2| Reason: Fireball deals more than 50%
                  | MHP!
 27188 | D:14     | Danger: Azrael |T2| Reason: Hurl Damnation deals more than
                  | 50% MHP!
 27195 | D:14     | Danger: Azrael |T2| Reason: Unique monster, careful!
 27195 | D:14     | Danger: Azrael |T2| Reason: Damnation in LOS, careful!
 27195 | D:14     | Danger: Azrael |T2| Reason: Damnation (smite) in LOS, watch
                  | out!
 27195 | D:14     | Danger: Azrael |T2| Reason: Bolt of Fire deals more than
                  | 50% MHP!
 27195 | D:14     | Danger: Azrael |T2| Reason: Fireball deals more than 50%
                  | MHP!
 27195 | D:14     | Danger: Azrael |T2| Reason: Hurl Damnation deals more than
                  | 50% MHP!
 27200 | D:14     | Danger: Azrael |T2| Reason: Unique monster, careful!
 27200 | D:14     | Danger: Azrael |T2| Reason: Damnation in LOS, careful!
 27200 | D:14     | Danger: Azrael |T2| Reason: Damnation (smite) in LOS, watch
                  | out!
 27200 | D:14     | Danger: Azrael |T2| Reason: Bolt of Fire deals more than
                  | 50% MHP!
 27200 | D:14     | Danger: Azrael |T2| Reason: Fireball deals more than 50%
                  | MHP!
 27200 | D:14     | Danger: Azrael |T2| Reason: Hurl Damnation deals more than
                  | 50% MHP!
 27202 | D:14     | Killed Azrael
 27265 | D:14     | Danger: Low HP Warning |T2| Reason: 60% HP (73/120)
 27268 | D:14     | Danger: Low HP Warning |T2| Reason: 46% HP (53/113)
 27269 | D:14     | Danger: Low HP Warning |T2| Reason: 47% HP (54/113)
 27270 | D:14     | Danger: Low HP Warning |T2| Reason: 47% HP (54/113)
 27271 | D:14     | Danger: Low HP Warning |T2| Reason: 47% HP (54/113)
 27272 | D:14     | Danger: Low HP Warning |T2| Reason: 48% HP (55/113)
 27273 | D:14     | Danger: Low HP Warning |T2| Reason: 48% HP (55/113)
 27274 | D:14     | Danger: Low HP Warning |T2| Reason: 48% HP (55/114)
 27275 | D:14     | Danger: Low HP Warning |T2| Reason: 48% HP (55/114)
 27276 | D:14     | Danger: Low HP Warning |T2| Reason: 48% HP (55/114)
 27277 | D:14     | Danger: Low HP Warning |T2| Reason: 47% HP (55/115)
 27279 | D:14     | Danger: Low HP Warning |T2| Reason: 47% HP (55/115)
 27280 | D:14     | Danger: Low HP Warning |T2| Reason: 48% HP (56/115)
 27282 | D:14     | Danger: Low HP Warning |T2| Reason: 48% HP (56/115)
 27283 | D:14     | Danger: Low HP Warning |T2| Reason: 48% HP (56/115)
 27284 | D:14     | Danger: Low HP Warning |T2| Reason: 48% HP (56/115)
 27285 | D:14     | Danger: Low HP Warning |T2| Reason: 48% HP (56/116)
 27287 | D:14     | Danger: Low HP Warning |T2| Reason: 48% HP (56/116)
 27288 | D:14     | Danger: Low HP Warning |T2| Reason: 49% HP (57/116)
 27464 | D:14     | Found a portal to a secret trove of treasure.
 27525 | Trove    | Entered a treasure trove
 27535 | Trove    | Identified the amulet "Ijafaq" {Will+ Regen+ Dex+5}
 27537 | Trove    | Identified the ring of the Centipede {rF+ Will+}
 27543 | Trove    | Identified the amulet "Sohenaast" {Spirit Rampage rC+ Will+
                  | Dex-5}
 27544 | Trove    | Identified the ring "Oreyde" {Str+5 Dex+6}
 27569 | Trove    | Identified the ring "Roicror" {Ice Int+2}
 27941 | D:15     | Entered Level 15 of the Dungeon
 27958 | D:15     | Danger: deep troll simulacrum |T2| Reason: simulacrum and
                  | no rC, careful
 27959 | D:15     | Danger: spriggan defender simulacrum |T2| Reason:
                  | simulacrum and no rC, careful
 27959 | D:15     | Danger: spriggan defender simulacrum |T3| Reason: fast
                  | simulacrum and no rC, watch out!!
 27959 | D:15     | Found a frozen archway.
 27960 | D:15     | Danger: harpy simulacrum |T2| Reason: simulacrum and no rC,
                  | careful
 27960 | D:15     | Danger: harpy simulacrum |T3| Reason: extremely fast
                  | simulacrum and no rC, watch out!!
 27960 | D:15     | Danger: alligator simulacrum |T2| Reason: simulacrum and no
                  | rC, careful
 27960 | D:15     | Danger: minotaur simulacrum |T2| Reason: simulacrum and no
                  | rC, careful
 27960 | D:15     | Danger: spriggan defender simulacrum |T3| Reason: fast
                  | simulacrum and no rC, watch out!!
 27961 | D:15     | Danger: spriggan defender simulacrum |T3| Reason: fast
                  | simulacrum and no rC, watch out!!
 27962 | D:15     | Danger: spriggan defender simulacrum |T3| Reason: fast
                  | simulacrum and no rC, watch out!!
 27963 | D:15     | Danger: spriggan defender simulacrum |T3| Reason: fast
                  | simulacrum and no rC, watch out!!
 27964 | D:15     | Danger: minotaur simulacrum |T2| Reason: simulacrum and no
                  | rC, careful
 27964 | D:15     | Danger: spriggan defender simulacrum |T3| Reason: fast
                  | simulacrum and no rC, watch out!!
 27964 | D:15     | Mangled by a minotaur simulacrum

Illustrated notes

Levels and vault maps discovered:
D:1:      dpeg_arrival_shrine, layout_loops_ring,
          nicolae_kite_square_tiling_tiny, nicolae_titane
D:2:      layout_basic, basic_altar
D:3:      layout_loops_cross, guppyfry_early_lair_pool
D:4:      layout_loops_corners, nicolae_gozag_seed_capital,
          minmay_temple_entry_overgrown, serial_glass, glass_columns_a,
          glass_columns_b, glass_columns_a, glass_columns_a, serial_shops,
          nicolae_shop_waterfront, kennysheep_small_circle
D:5:      layout_basic, nicolae_figureground_pulse
D:6:      kennysheep_kobold_camp, layout_basic, serial_shops, shop
D:7:      layout_basic, serial_shops, shop, uniq_menkaure
D:8:      layout_loops_ring, kennysheep_slug_shrine,
          mainiacjoe_overflow_cross_hatched, nicolae_overflow_hidden_temple
D:9:      layout_small_grid, mainiacjoe_overflow_two_lobes,
          erik_lair_orcish_takeover, minmay_fountain_box, uniq_maurice
D:10:     layout_rooms, serial_ice, serial_ice_c, serial_ice_i, serial_ice_e,
          serial_ice_g
D:11:     layout_stronghold, erik_orc_4, guppyfry_shop_earth
D:12:     four-leaf_vault, layout_loops_corners, serial_shops,
          nicolae_shop_tiny_glass, kennysheep_donut, minmay_misc_feat_cross,
          hex_medium, minmay_misc_feat_rows, xom_redecorated
D:13:     layout_basic, erik_vaults_1, minivault_16, uniq_rupert, uniq_sonja
D:14:     layout_basic, nicolae_trove_entry_crossroad, uniq_azrael
D:15:     hangedman_depths_entry_try_elsewhere_first, layout_loops_ring,
          portal_ice_cave_entry_ice_simulacra
Temple:   eino_narrow_crystal_temple
Lair:1:   layout_cave_pods, infiniplex_staircase_pool_2
Lair:2:   layout_misc_corridors, minmay_shoals_entry_lonely_mermaid,
          spider_nest_entry_webs, uniq_urug, uniq_nergalle
Lair:3:   layout_loops_ring, st_stairs_4, grunt_megastairs_3,
          serial_bayou_shore_b
Lair:4:   layout_regular_city, dpeg_slime_entry_corner, lemuel_old_faithful,
          lemuel_fruit_fields
Lair:5:   evilmike_catoblepas_cave, layout_cave_pods, gauntlet_entry_generic

Skill      XL: |  1  2  3  4  5  6  7  8  9 10 11 12 13 14 15 |
---------------+----------------------------------------------+-----
Fighting       | 1 2 3 4 7 9 10 12 | 12.0
Maces & Flails | 1 2 4 7 8 9 12 15 | 15.0
Stealth        | 3 |  3.0
Ice Magic      | 5 6 |  6.0
Dodging        | 2 3 4 10 | 10.0
Invocations    | 6 10 | 10.0
Evocations     | 4 10 | 10.9
Armour         | 4 7 8 |  8.0
Throwing       | 2 3 |  3.1
Shields        | 5 6 |  6.0
Spellcasting   | |  2.1

Action                     |  1- 3 |  4- 6 |  7- 9 | 10-12 | 13-15 || total
---------------------------+-------+-------+-------+-------+-------++-------
  Melee: Unarmed           |     2 |       |       |       |       ||     2
         Whip              |    90 |   232 |       |       |       ||   322
         Punch             |     1 |     5 |     4 |    21 |    34 ||    65
         Flail             |       |     2 |   234 |   689 |   166 ||  1091
         Great mace        |       |       |       |       |   718 ||   718
  Throw: Javelin           |       |     3 |       |       |       ||     3
         Stone             |       |     1 |       |       |       ||     1
         Dart              |       |       |       |       |    15 ||    15
         Boomerang         |       |       |       |       |    21 ||    21
         Throwing net      |       |       |       |       |     2 ||     2
   Cast: Freeze            |    24 |     2 |       |       |       ||    26
         Frozen Ramparts   |     1 |    21 |    31 |    66 |    22 ||   141
 Invoke: Heroism           |       |       |       |    23 |    31 ||    54
         Finesse           |       |       |       |     1 |     8 ||     9
Ability: Dig               |       |       |       |     2 |     2 ||     4
  Evoke: Wand              |       |       |     3 |    43 |     3 ||    49
         Condenser vane    |       |       |       |       |     1 ||     1
    Use: Scroll            |       |     5 |     6 |     8 |    19 ||    38
         Potion            |       |       |       |     5 |     3 ||     8
   Stab: Sleeping          |     5 |     4 |     6 |     7 |     2 ||    24
         Invisible         |       |       |     2 |     4 |     6 ||    12
         Petrified         |       |       |       |       |     3 ||     3
         Distracted        |       |       |       |       |     2 ||     2
 Armour: Robe              |    12 |    49 |    87 |    54 |       ||   202
         Acid dragon scale |       |       |       |   244 |   443 ||   687
  Dodge: Dodged            |    68 |   165 |   151 |   555 |   634 ||  1573
